 Dungeon Crawl Stone Soup version 0.15-a0-348-gfef1ba5 (webtiles) character file.

524 4tharraofdagon the Bolt Thrower (level 7, -5/45 HPs)
             Began as a Halfling Hunter on May 2, 2014.
             Was an Initiate of Cheibriados.
             Slain by a worker ant (8 damage)
             ... on Level 5 of the Dungeon.
             The game lasted 00:09:07 (1299 turns).

4tharraofdagon the Bolt Thrower (Halfling Hunter)   Turns: 1299, Time: 00:09:07

HP  -5/45        AC  0     Str 12      XL: 7   Next: 10%
MP   8/8         EV 16     Int 12      God: Cheibriados [......]
Gold 127         SH  0     Dex 15 (18) Spells:  0 memorised,  6 levels left

rFire  . . .     SeeInvis .     i - melded -3 dagger (curse)
rCold  . . .     Clarity  .     r - melded +2 ring mail {MR+}
rNeg   . . .     Conserve .     (shield currently unavailable)
rPois  .         rCorr    .     (helmet currently unavailable)
rElec  .         rRot     .     (cloak currently unavailable)
SustAb . .       Spirit   .     (gloves currently unavailable)
rMut   .         Warding  .     (boots currently unavailable)
Saprov . . .     Stasis   .     (no amulet)
MR     .....                    x - melded cursed ring of loudness
                                o - melded ring of protection from cold

@: pig-form, not resistant to hostile enchantments, unstealthy
A: mutation resistance 1, slow metabolism 2
a: Bend Time, Renounce Religion


You were on level 5 of the Dungeon.
You worshipped Cheibriados.
Cheibriados was noncommittal.
You were hungry.
You were a filthy swine.
You visited 2 branches of the dungeon, and saw 7 of its levels.

You collected 127 gold pieces.

Inventory:

Hand weapons
 a - a +0,+0 short sword
 b - a +2,+1 crossbow
 i - a cursed -3,-3 dagger (melded)
Missiles
 c - 47 bolts
 g - a throwing net (quivered)
Armour
 d - a +0 leather armour
 q - a +3 scale mail
 r - a +2 ring mail of magic resistance (melded)
Magical devices
 j - a wand of polymorph (12)
Comestibles
 f - 2 bread rations
 s - a meat ration
 t - an apple
Scrolls
 e - 2 scrolls of recharging
Jewellery
 o - a ring of protection from cold (melded)
 u - an uncursed ring of protection from cold
 x - a cursed ring of loudness (melded)
Potions
 k - a potion of berserk rage
 p - a potion of haste
Magical staves
 m - an uncursed staff of cold {unknown}


   Skills:
 + Level 2.6 Fighting
 * Level 5.2 Crossbows
 + Level 2.0 Armour
 + Level 4.3 Dodging
 - Level 1.3 Stealth
 + Level 1.4 Invocations


You had 6 spell levels left.
You didn't know any spells.

Dungeon Overview and Level Annotations

Branches:
Dungeon (6/15)             Temple (1/1) D:4

Altars:
Ashenzari
Cheibriados
Dithmenos
Elyvilon
Nemelex Xobeh
Okawaru
Trog
Vehumet


Innate Abilities, Weirdness & Mutations

You are small and have problems with some larger weapons.
You are somewhat resistant to further mutation.
You need consume almost no food.


Message History

The worker ant is moderately wounded.
The worker ant barely misses you.
Unknown command.
Unknown command.
Unknown command.
Unknown command.
You barely miss the worker ant.
The worker ant is moderately wounded.
The worker ant misses you.
Unknown command.
Unknown command.
You hit the worker ant but do no damage.
The worker ant is moderately wounded.
The worker ant closely misses you.
Unknown command.
Unknown command.
You hit the worker ant.
The worker ant is moderately wounded.
The worker ant barely misses you. The worker ant bites you!
You die...

#..[...##.#
#.........#
#......###.#
#....#.#
######.# .
##....###a....
#.###....#
#..a#...#
#.h.#.#.#
#...#.....
#.###.##.###
... ....# ..#
###.# ### #


You could see a worker ant.

Vanquished Creatures
  An ice beast (D:5)
  A scorpion (D:5)
  A crimson imp (D:5)
  2 hounds
  4 worker ants
  2 adders
  An iguana skeleton (D:5)
  3 giant geckos
  A ball python (D:3)
  4 bats (D:2)
  3 giant cockroaches
  5 goblins
  4 hobgoblins
  4 jackals (D:4)
  A quokka (D:4)
  2 giant newts
  A goblin zombie (D:5)
  6 kobolds
  2 orc skeletons (D:4)
  6 rats
54 creatures vanquished.

Notes
Turn   | Place    | Note
--------------------------------------------------------------
     0 | D:1      | 4tharraofdagon, the Halfling Hunter, began the quest for the Orb.
     0 | D:1      | Reached XP level 1. HP: 12/12 MP: 1/1
    44 | D:1      | Reached skill level 1 in Fighting
   134 | D:2      | Reached XP level 2. HP: 18/18 MP: 2/2
   219 | D:2      | Reached XP level 3. HP: 20/23 MP: 3/3
   388 | D:3      | Reached skill level 4 in Crossbows
   471 | D:5      | Entered Level 5 of the Dungeon
   553 | D:5      | Noticed a scorpion
   559 | D:5      | Killed a scorpion
   559 | D:5      | Reached XP level 4. HP: 6/29 MP: 4/4
   562 | D:5      | Reached skill level 1 in Armour
   562 | D:5      | Reached XP level 5. HP: 5/34 MP: 5/5
   578 | D:5      | Noticed a scorpion
   578 | D:5      | Noticed an ogre
   730 | D:4      | Found a staircase to the Ecumenical Temple.
   752 | Temple   | Entered the Ecumenical Temple
   764 | Temple   | Became a worshipper of Cheibriados the Contemplative
   828 | D:4      | Reached XP level 6. HP: 32/40 MP: 6/6
   872 | D:4      | ROTFL
   963 | D:4      | RIP
  1150 | D:4      | Found a sparkling altar of Nemelex Xobeh.
  1165 | D:5      | LET ME DIE IN PEACE
  1167 | D:5      | Gained mutation: You need consume almost no food. [potion of mutation]
  1178 | D:5      | Reached skill level 5 in Crossbows
  1194 | D:5      | Noticed an ice beast
  1205 | D:5      | Reached skill level 1 in Invocations
  1217 | D:5      | Killed an ice beast
  1217 | D:5      | Reached XP level 7. HP: 12/45 MP: 6/8
  1292 | D:5      | HP: 2/45 [worker ant (7)]
  1299 | D:5      | Slain by a worker ant

Action                   |  1- 3 |  4- 6 |  7- 9 || total
-------------------------+-------+-------+-------++-------
Melee: Crossbow          |     1 |       |       ||     1
       Dagger            |       |   153 |       ||   153
       Unarmed           |       |    21 |    20 ||    41
 Fire: Crossbow          |    43 |    37 |       ||    80
Evoke: Wand              |       |     2 |     1 ||     3
  Use: Scroll            |     7 |     2 |     1 ||    10
       Potion            |       |     8 |       ||     8
 Stab: Invisible         |       |     2 |       ||     2
